 Dungeon Crawl Stone Soup version 0.22-b1-26-g9dbaab1 (webtiles) character file.

399 Lew the Shield-Bearer (level 6, -7/43 HPs)
             Began as an Octopode Fighter on Aug 7, 2018.
             Killed by nerve-wracking pain
             ... invoked by an orc priest
              (14 damage)
             ... on level 4 of the Dungeon.
             The game lasted 00:12:13 (3310 turns).

Lew the Shield-Bearer (Octopode Fighter)            Turns: 3310, Time: 00:12:15

Health: -7/43      AC:  1    Str: 18    XL:     6   Next: 84%
Magic:  6/6        EV: 12    Int: 10    God:
Gold:   206        SH:  9    Dex: 11    Spells: 5/5 levels left

rFire    . . .     SeeInvis .   a - +1 war axe
rCold    . . .     Gourm    .   b - +0 shield
rNeg     . . .     Faith    .   (helmet restricted)
rPois    .         Spirit   .   (no amulet)
rElec    .         Reflect  .   h - ring of flight
rCorr    .         Harm     .   (no ring)
MR       .....                  (no ring)
Stlth    +++.......             (no ring)
HPRegen  0.14/turn              (no ring)
MPRegen  0.10/turn              (no ring)
                                (no ring)
                                (no ring)

@: no status effects
A: almost no armour, stealthy swim, amphibious, 8 rings, constrict 8, camouflage
1, gelatinous body 1
a: Evoke Flight


You were on level 4 of the Dungeon.
You were not hungry.

You visited 1 branch of the dungeon, and saw 4 of its levels.

You collected 206 gold pieces.

Inventory:

Hand Weapons
 a - a +1 war axe (weapon)
Missiles
 k - a throwing net (quivered)
Armour
 b - a +0 shield (worn)
Jewellery
 h - a ring of flight (left tentacle)
Scrolls
 l - a scroll of teleportation
 m - a scroll of fear
 n - a scroll of enchant weapon
Potions
 c - a potion of might
 e - 3 potions of curing
 f - a potion of heal wounds
 g - a potion of lignification
 i - a potion of haste
 j - a potion of agility {unknown}
 p - a potion of flight
Comestibles
 d - 8 rations


   Skills:
 * Level 4.2 Fighting
 * Level 3.5 Axes
 * Level 4.2 Dodging
 * Level 4.0 Stealth
 * Level 4.3 Shields


You had 5 spell levels left.
You didn't know any spells.
Your spell library was empty.

Dungeon Overview and Level Annotations

Branches:
Dungeon (4/15)
 Temple: D:4-7

Altars:
Ashenzari
Gozag
Sif Muna
Uskayaw


Innate Abilities, Weirdness & Mutations

You cannot wear most types of armour.
You are very stealthy in the water. (Stealth+)
You are amphibious.
You can wear up to eight rings at the same time.
You can use your tentacles to constrict eight enemies at once.
Your skin changes colour to match your surroundings (Stealth+).
Your rubbery body absorbs attacks. (AC +1, EV +1)


Message History

You block the orc priest's attack. The orc wizard hits you with a dagger.
The orc priest invokes the aid of Beogh against you.
Beogh smites you!
You barely miss the orc wizard.
You squeeze the orc wizard, but do no damage.
The orc wizard is almost dead.
You completely miss the orc priest. You constrict the orc wizard.
You kill the orc wizard!
Your Stealth skill increases to level 4!
You block the orc priest's attack.
You closely miss the orc priest. Your grab misses the orc priest.
You block the orc priest's attack.
You closely miss the orc priest. Your grab misses the orc priest.
You squeeze the orc priest.
The orc priest is heavily wounded.
The orc priest hits you with a trident!
* * * LOW HITPOINT WARNING * * *
The orc priest invokes the aid of Beogh against you.
Pain shoots through your body!
You die...

..... #.... ..... #....
.....######.).. ........)......
#+########...[).#'##
#........#......#... ........
#.....)..#......#...
#....>.##+##....##..#......#...
#......#..#..)@.##..#..<...##'#
#......#..#..o.).#..#......#...
#......#..########..#......+...
#......#..##....##..#......####
#......#.........#..#..........
##......#..##.....#..#..........
#....#'##'###....##..#####+#....
#....#.....##....##........#....
#....#.....................'....


You could see an orc priest.

Vanquished Creatures
  4 orc priests
  A hound (D:4)
  Jessica (D:3)
  2 orc wizards (D:4)
  3 gnolls (D:2)
  7 adders
  An adder skeleton (D:4)
  A worm (D:3)
  A dart slug (D:2)
  2 leopard geckos
  7 orcs
  5 giant cockroaches (D:1)
  6 goblins
  6 hobgoblins
  3 jackals (D:1)
  3 quokkas
  A ball python (D:3)
  8 bats
  3 frilled lizards
  7 kobolds
  8 rats
80 creatures vanquished.

Notes
Turn   | Place    | Note
-------+----------+-------------------------------------------
     0 | D:1      | Lew the Octopode Fighter began the quest for the Orb.
     0 | D:1      | Reached XP level 1. HP: 16/16 MP: 1/1
    87 | D:1      | Reached XP level 2. HP: 12/21 MP: 2/2
    89 | D:1      | Reached skill level 1 in Stealth
    91 | D:1      | HP: 1/21 [hobgoblin (5)]
   538 | D:1      | Reached XP level 3. HP: 22/26 MP: 3/3
  1018 | D:2      | Reached XP level 4. HP: 7/31 MP: 4/4
  1399 | D:2      | Found an opulent altar of Gozag.
  1400 | D:2      | Found a deep blue altar of Sif Muna.
  1588 | D:3      | Reached XP level 5. HP: 26/36 MP: 5/5
  2179 | D:3      | Found a hide-covered altar of Uskayaw.
  2183 | D:3      | Noticed a hand axe
  2183 | D:3      | Noticed a hand axe
  2199 | D:3      | Noticed Jessica
  2207 | D:3      | Killed Jessica
  2207 | D:3      | Reached XP level 6. HP: 38/43 MP: 6/6
  2616 | D:4      | Found a shattered altar of Ashenzari.
  3310 | D:4      | Killed from afar by an orc priest

Skill      XL: |  1  2  3  4  5  6 |
---------------+-------------------+-----
Stealth        | 1 2 3 4 |  4.0
Axes           | 3 |  3.5
Shields        | 4 |  4.3
Fighting       | 4 |  4.2
Dodging        | 4 |  4.2

Action                   |  1- 3 |  4- 6 || total
-------------------------+-------+-------++-------
Melee: War axe           |    60 |    89 ||   149
       Tentacles         |     5 |    22 ||    27
       Constrict         |    15 |    24 ||    39
  Use: Potion            |     3 |     3 ||     6
       Scroll            |     1 |     6 ||     7
 Stab: Sleeping          |     5 |     5 ||    10
       Distracted        |       |     1 ||     1
  Eat: Ration            |       |     2 ||     2
       Chunk             |       |     1 ||     1
Armor: Skin              |     5 |     4 ||     9
Dodge: Dodged            |    31 |    50 ||    81
Block: Shield            |    34 |    54 ||    88
